 Dungeon Crawl Stone Soup version 0.17.0 (webtiles) character file.

477240 edsrzf the Markscentaur (level 23, -1/213 HPs)
             Began as a Centaur Skald on Nov 21, 2015.
             Was the Champion of the Shining One.
             Killed by the air
             ... invoked by a titan
              (9 damage)
             ... on level 5 of the Vaults on Nov 22, 2015.
             The game lasted 04:11:36 (75332 turns).

edsrzf the Markscentaur (Centaur Skald)            Turns: 75332, Time: 04:11:36

Health: -1/213     AC: 40    Str: 25    XL:     23   Next: 64%
Magic:  37/37      EV: 13    Int:  5    God:    the Shining One [******]
Gold:   1314       SH:  0    Dex: 17    Spells: 6 memorised, 14 levels left

rFire  + + +     SeeInvis .     a - +9 triple sword (elec)
rCold  x . .     Clarity  +     W - +7 fire dragon armour of Tenacity {rF++ rC- rN+}
rNeg   + + +     SustAt   .     (shield currently unavailable)
rPois  +         Gourm    .     E - +2 helmet
rElec  .         Spirit   .     m - +2 cloak {rPois}
rCorr  .         Warding  .     P - +2 pair of gloves {Dex+3}
rMut   .         Stasis   .     D - +4 centaur barding {Fly}
MR     +++..                    J - amulet of regeneration
Stlth  ..........               v - ring "Wiptu" {MP+9 Int-4 Slay+5 Stlth+}
                                O - ring of the Mage {Wiz MR++ Int+3}

@: very slightly contaminated, glowing, very quick, extremely resistant to
hostile enchantments, extremely unstealthy
A: hooves 3, clarity, deformed body, fire resistance 1, speed 2, low mp 1, tough
skin 3
a: Divine Shield, Cleansing Flame, Summon Divine Warrior, Renounce Religion,
Evoke Flight
}: 2/15 runes: decaying, gossamer


You were on level 5 of the Vaults.
You worshipped the Shining One.
The Shining One was exalted by your worship.
You were not hungry.

You visited 8 branches of the dungeon, and saw 48 of its levels.
You visited the Abyss 1 time.
You also visited: Labyrinth and Ice Cave.

You collected 6384 gold pieces.
You spent 5070 gold pieces at shops.

Inventory:

Hand Weapons
 a - a +9 triple sword of electrocution (weapon)
 b - a +6 longbow of velocity
Missiles
 p - 79 arrows of flame
 L - 804 arrows
 M - 14 arrows of dispersal
 N - 7 throwing nets {=f}
 X - 42 arrows of frost
Armour
 m - a +2 cloak of poison resistance (worn)
 D - a +4 centaur barding of flying (worn)
 E - a +2 helmet (worn)
 P - a +2 pair of gloves of dexterity (worn)
 W - the +7 fire dragon armour of Tenacity (worn) {rF++ rC- rN+}
   (You took it off a deep elf master archer on level 3 of the Elven Halls)

   It greatly protects you from fire.
   It makes you vulnerable to cold.
   It protects you from negative energy.
Jewellery
 f - an uncursed amulet of rage
 j - a +6 ring of strength
 o - a +6 ring of intelligence
 s - an uncursed amulet of resist corrosion
 v - the ring "Wiptu" (right hand) {MP+9 Int-4 Slay+5 Stlth+}
   (You found it on level 1 of the Elven Halls)

   [ring of magical power]

   It affects your intelligence (-4).
   It affects your accuracy and damage with ranged weapons and melee attacks
   (+5).
   It affects your magic capacity (+9).
   It makes you more stealthy.
 x - an uncursed ring of teleportation
 B - an uncursed amulet of stasis
 G - a +3 ring of protection
 I - an uncursed ring of ice
 J - an amulet of regeneration (around neck)
 K - an uncursed ring of ice
 O - the ring of the Mage (left hand) {Wiz MR++ Int+3}
   (You took it off a deep elf death mage on level 3 of the Elven Halls)

   [ring of wizardry]

   It improves your spell success rate.
   It affects your intelligence (+3).
   It affects your resistance to hostile enchantments.
 R - a +6 ring of dexterity
Wands
 h - a wand of enslavement (16)
 q - a wand of teleportation (5)
 t - a wand of disintegration (13)
 Q - a wand of paralysis (9)
 Y - a wand of digging (11)
Scrolls
 g - 7 scrolls of fog
 i - 7 scrolls of teleportation {@r3}
 y - 26 scrolls of remove curse {@r2}
 z - 10 scrolls of magic mapping
 C - 15 scrolls of identify {@r1}
 F - 10 scrolls of recharging {@r4}
 S - 4 scrolls of summoning
 V - 3 scrolls of fear
Potions
 e - 11 potions of curing
 k - 2 potions of brilliance
 l - 2 potions of lignification
 n - 6 potions of might
 r - a potion of haste
 u - 6 potions of agility
 w - 2 potions of cancellation
Comestibles
 d - 26 bread rations
 T - 32 beef jerkies
 U - 22 fruits


   Skills:
 + Level 19.2 Fighting
 * Level 20.0 Long Blades
 - Level 20.0 Bows
 - Level 14.6 Armour
 - Level 12.1 Dodging
 - Level 1.6 Spellcasting
 - Level 2.7 Charms
 - Level 12.0 Invocations
 - Level 7.0 Evocations


You had 14 spell levels left.
You knew the following spells:

 Your Spells              Type           Power        Failure   Level  Hunger
a - Infusion              Chrm           #.....       14%         1    ##.....
b - Blink                 Tloc           N/A          80%         2    ###....
g - Shroud of Golubria    Chrm/Tloc      #.........   52%         2    ###....
m - Repel Missiles        Chrm/Air       #.....       52%         2    ###....
s - Song of Slaying       Chrm           #.......     24%         2    ###....
w - Swiftness             Chrm/Air       #.......     52%         2    ###....


Dungeon Overview and Level Annotations

Branches:
Dungeon (15/15)            Temple (0/1) D:4            Lair (8/8) D:8
  Swamp (4/4) Lair:5       Spider (4/4) Lair:3        Slime (0/6) Lair:8
    Orc (4/4) D:11            Elf (3/3) Orc:3        Vaults (5/5) D:13
  Crypt (0/3) Vaults:3     Depths (5/5) D:15            Zot (0/5) Depths:5

Altars:
Dithmenos
Elyvilon
Fedhas
Kikubaaqudgha
Nemelex Xobeh
Okawaru
Qazlal
Xom
The Shining One
Beogh
Lugonu

Shops:
D:7 :[   D:9 ?(   Orc:1 (   Orc:4 :(=*[   Elf:1 !   Elf:2 [([   Vaults:3 [?*:!
Vaults:4 (   Depths:2 [%?

Portals:
Hell: Depths:1 Depths:2 Depths:3 Depths:4 Depths:5
Abyss: Depths:1 Depths:4
Pandemonium: Depths:1 Depths:3 Depths:5
Ziggurat: Depths:5

Annotations:
D:3 exclusion: oklob plant
D:14 exclusion: Roxanne, Roxanne
Vaults:5 Sojobo


Innate Abilities, Weirdness & Mutations

You have hooves in place of feet.
Armour fits poorly on your strangely shaped body.
You cover ground very quickly.
You have extremely tough skin (AC +3).
You possess an exceptional clarity of mind.
Your flesh is heat resistant.
Your magical capacity is low (-10% MP).


Message History

The tengu reaver is almost dead.
Your surroundings suddenly seem different.
You start resting.
The stone giant shouts!
The stone giant throws a large rock.
The large rock hits you!!
You see here a large rock.
The stone giant throws a large rock.
The large rock hits you!!
You see here a large rock.
Found a plain deck of cards and a ring mail.
You slash the stone giant!
You kick the stone giant, but do no damage.
The stone giant is lightly wounded.
The stone giant hits you!
You slice the stone giant!!
There is a sudden explosion of sparks!
You kick the stone giant, but do no damage.
The stone giant is heavily wounded.
The stone giant hits you but does no damage.
You hit the stone giant. You kick the stone giant!
The stone giant is heavily wounded.
The stone giant hits you!
* * * LOW HITPOINT WARNING * * *
You cut the stone giant into ribbons!!!
You kill the stone giant!
You hear a shout!
You start resting.
The lich casts a spell.
The lich seems to speed up.
You see here a large rock.
Put on which piece of jewellery? (? for menu, Esc to quit)
Okay, then.
Unknown command.
The boulder beetle twitches its antennae in your direction.
You see here a large rock.
The vault guard shouts!
The titan shouts!
The lich touches you but does no damage.
You slice the lich!!
There is a sudden explosion of sparks!
You kick the lich, but do no damage.
The lich is moderately damaged.
The lich gestures at you while chanting.
The bolt of fire misses you.
You slice the lich!! You kick the lich, but do no damage.
The lich is severely damaged.
The lich points at you and mumbles some strange words.
The bolt of fire hits you!
The lich touches you but does no damage.
You barely miss the lich.
The lich is severely damaged.
The lich touches you but does no damage.
You slice the lich!!
There is a sudden explosion of sparks!
You destroy the lich!
The Shining One accepts your kill.
You feel better.
Your Long Blades skill increases to level 20!
You chop the boulder beetle into pieces!!!
You kick the boulder beetle, but do no damage.
The boulder beetle is heavily wounded.
You slash the boulder beetle!
You kick the boulder beetle, but do no damage.
The boulder beetle is heavily wounded.
The titan barely misses you. The boulder beetle closely misses you.
The vault guard hits you but does no damage.
You hit the boulder beetle but do no damage.
You kick the boulder beetle.
The boulder beetle is heavily wounded.
The titan casts a spell at you. The bolt of lightning hits you!
The vault guard hits you but does no damage.
The boulder beetle bites you but does no damage.
You slice the boulder beetle!!
There is a sudden explosion of sparks!
You kill the boulder beetle!
The titan hits you but does no damage.
You open the titan like a pillowcase!!! You kick the titan, but do no damage.
The titan is heavily wounded.
You hear a horrible gurgling sound!
The vault guard hits you but does no damage.
The titan hits you!!
* * * LOW HITPOINT WARNING * * *
Drink which item? (? for menu, Esc to quit)
You feel much better. The titan hits you!!
* * * LOW HITPOINT WARNING * * *
The vault guard hits you with a long sword!
* * * LOW HITPOINT WARNING * * *
Press: ? - help, v - describe, . - travel
Here: a titan (heavily wounded, haloed)
The floor, spattered with blood.
Unknown command.
You carve the titan like a ham!!!
The titan is severely wounded.
The titan hits you!!
* * * LOW HITPOINT WARNING * * *
The vault guard hits you with a long sword!
* * * LOW HITPOINT WARNING * * *
Read which item? (? for menu, Esc to quit)
Blink to where?
Press: ? - help, Dir - move target cursor You are very lightly contaminated with residual magic.
As you read the scroll of blinking, it crumbles to dust.
The titan waves its arms in wide circles.
The air twists around and strikes you!
You die...

#..# #((# #((#
#.(# #(.# #..# .
#..# ... #..#.....
#@....N..
#....#############
#......†§.((......
#......pC.........
#.................
#.................
#....#############
#....# #..#..#


You could see a titan, a salamander stormcaller and a vault guard.

Vanquished Creatures
  Frederick (Vaults:3)
  Norris (Vaults:1)
  Saint Roka (Depths:1)
  5 golden dragons
  A caustic shrike (Depths:4)
  Nikola (Vaults:1)
  Xtahua (Vaults:4)
  A bone dragon (Vaults:3)
  Arachne (Spider:2)
  5 tentacled monstrosities
  4 liches
  The ghost of Ultraviolent4 the Stormcaller, an adept HEEE of Sif Muna (Vaults:1)
  2 titans (Depths:4)
  3 deep elf blademasters
  Asterion (Elf:3)
  2 deep elf master archers (Elf:3)
  A kraken (Abyss:1)
  5 sphinxes
  3 tengu reavers
  A shadow dragon (Depths:4)
  A storm dragon (Vaults:3)
  A thorn hunter (Swamp:3)
  An azure jelly (Swamp:4)
  Wiglaf (Vaults:1)
  4 fire giants
  Donald (Elf:1)
  16 frost giants
  11 vault wardens
  A draconian knight (Depths:5)
  A draconian scorcher (Depths:5)
  6 deep elf sorcerers
  7 ghost moths
  An iron dragon (Depths:4)
  9 emperor scorpions
  An iron dragon (shapeshifter) (Depths:1)
  An orc warlord (Orc:3)
  2 emperor scorpions (shapeshifter)
  A balrug (Depths:1)
  9 ironheart preservers
  A spriggan defender (Depths:4)
  8 very ugly things
  A war gargoyle (Depths:3)
  3 vampire knights (Depths:2)
  12 stone giants
  A black draconian (Depths:5)
  A lorocyproca (Depths:3)
  3 green draconians (Depths:5)
  Azrael (D:14)
  13 deep elf annihilators
  A salamander stormcaller (Vaults:5)
  4 deep elf demonologists
  The ghost of tijit the Spear-Bearer, a journeyman MfGl of Okawaru (Lair:5)
  2 white draconians (Depths:5)
  A blizzard demon (Depths:1)
  Snorg (D:13)
  A crystal guardian (Depths:3)
  10 fire dragons
  7 ettins
  31 vault guards
  7 deep elf death magi (Elf:3)
  3 fire dragons (shapeshifter) (Depths:3)
  A minotaur (Lab)
  Josephine (D:14)
  17 yaktaur captains
  A green death (Depths:1)
  3 deep elf high priests
  A catoblepas (Lair:8)
  11 ice dragons
  3 rakshasas
  Harold (Lair:2)
  10 ogre magi
  7 entropy weavers
  5 spriggan air magi
  13 hydras
  6 great orbs of eyes
  4 centaur warriors
  A ghost crab (Swamp:4)
  16 dancing weapons
  13 alligators
  A queen ant (Spider:2)
  2 deep troll shamans
  A death yak (IceCv)
  4 deep troll earth magi
  4 tengu warriors
  2 spriggan berserkers
  A shock serpent (shapeshifter) (Depths:3)
  A thrashing horror (Abyss:1)
  Urug (D:14)
  3 sun demons (Depths:1)
  2 orc high priests
  Nergalle (Orc:4)
  2 hell knights (Depths:3)
  5 skeletal warriors (D:14)
  3 salamander mystics (Depths:3)
  A fire crab (Depths:3)
  4 shadow wraiths
  24 deep elf knights
  A fire crab (shapeshifter) (Elf:3)
  2 large abominations
  3 iron trolls
  4 ice devils (Depths:1)
  A giant orange brain (shapeshifter) (Vaults:5)
  A spriggan druid (Swamp:3)
  4 giant orange brains
  2 deep trolls (shapeshifter)
  16 ironbrand convokers
  A torturous demonspawn (Depths:1)
  2 swamp dragons
  10 deep trolls
  6 deep elf summoners
  A shambling mangrove (Swamp:3)
  12 harpies
  3 wizards
  11 hill giants
  16 deep elf conjurers
  4 flayed ghosts
  26 orb spiders
  15 orc knights
  A griffon (shapeshifter) (Depths:3)
  2 necromancers
  40 wolf spiders
  A wolf spider zombie (D:15)
  7 cyclopes
  12 hornets
  2 griffons
  8 naga magi
  47 ugly things
  3 oklob plants (Lair:8)
  A cyclops (shapeshifter) (Vaults:2)
  A guardian serpent (shapeshifter) (Vaults:2)
  4 orc sorcerers
  A salamander (Depths:1)
  A smoke demon (Depths:1)
  3 black mambas
  Maurice (D:9)
  A manticore (shapeshifter) (Depths:3)
  7 elephants
  A sixfirhy (Depths:1)
  2 moths of wrath
  An orange demon (Depths:1)
  2 torpor snails
  A torpor snail (shapeshifter) (Depths:2)
  2 centaur skeletons
  9 vault sentinels
  5 kobold demonologists
  34 yaktaurs
  11 demonic crawlers
  13 spiny frogs
  11 komodo dragons
  A yaktaur (shapeshifter) (Vaults:4)
  A jumping spider (shapeshifter) (Vaults:3)
  13 deep elf priests
  2 blue devils (Depths:1)
  4 tengu conjurers
  An anaconda simulacrum (Depths:3)
  5 fire drakes
  21 jumping spiders
  A queen bee (Lair:5)
  6 trolls
  12 freezing wraiths
  28 polar bears
  4 giant leeches
  2 polar bears (shapeshifter)
  13 blink frogs
  16 two-headed ogres
  A frost giant simulacrum (Vaults:1)
  A hornet zombie (D:14)
  5 bog bodies
  2 raiju (Lair:8)
  25 slime creatures
  A stone giant simulacrum (Vaults:1)
  A tengu simulacrum (Vaults:3)
  14 trapdoor spiders
  2 water elementals (Depths:1)
  12 boulder beetles
  A redback (shapeshifter) (Depths:4)
  8 wraiths
  3 spriggans (Swamp:3)
  49 redbacks
  15 tarantellas
  31 deep elf fighters
  55 yaks
  18 deep elf magi
  A giant leech zombie (Swamp:1)
  A steam dragon (Lair:8)
  A tarantella (shapeshifter) (Elf:1)
  4 air elementals
  32 vampire mosquitoes
  4 shadows
  Grum (D:9)
  8 hippogriffs
  3 fire elementals
  2 hungry ghosts
  6 basilisks
  A chaos spawn (Abyss:1)
  2 nagas (Abyss:1)
  4 swamp worm simulacra (Swamp:4)
  12 wargs
  19 humans (D:13)
  17 insubstantial wisps
  4 mottled dragons
  2 harpy simulacra (Depths:3)
  17 soldier ants
  48 wolves
  48 orc warriors
  A soldier ant (shapeshifter) (Depths:2)
  19 water moccasins
  23 swamp worms
  6 hell hounds
  6 porcupines
  8 ice beasts (D:13)
  7 swamp drakes
  An eye of draining (D:15)
  13 hydra simulacra
  8 boggarts
  16 wasps
  A fire dragon simulacrum (Depths:3)
  A swamp dragon zombie (Swamp:1)
  4 phantoms
  21 spiders
  23 centaurs
  7 sky beasts
  13 black bears
  A wasp (shapeshifter) (Vaults:3)
  31 ogres
  22 crocodiles
  5 necrophages
  A komodo dragon zombie (Swamp:1)
  4 big kobolds
  28 giant frogs
  A wyvern zombie (D:14)
  3 scorpions
  26 killer bees
  2 electric eels
  6 giant frog zombies
  12 crimson imps
  4 jellies
  5 wights
  21 hounds
  A quasit (D:12)
  An iron imp (Depths:5)
  2 centaur zombies
  27 orc priests
  2 giant frog skeletons
  31 worker ants
  18 iguanas
  44 orc wizards
  25 sheep
  A hound zombie (D:5)
  A hound skeleton (D:5)
  A worker ant zombie (D:9)
  64 river rats
  A swamp drake zombie (Swamp:1)
  3 gnolls (D:6)
  4 shadow imps
  7 white imps
  12 adders
  3 oozes
  4 swamp drake simulacra (Swamp:4)
  A worm (D:3)
  3 giant geckos
  206 orcs
  9 giant cockroaches
  11 goblins
  6 hobgoblins
  17 jackals
  15 kobolds
  5 quokkas
  2 ball pythons (D:3)
  12 bats
  A giant cockroach zombie (D:5)
  A giant gecko skeleton (D:4)
  A giant gecko zombie (D:7)
  7 giant newts
  2 quokka zombies
  10 rats
  5 crawling corpses
  4 tentacles (Abyss:1)
2312 creatures vanquished.

Vanquished Creatures (others)
  A fire giant (Depths:4)
  A deep elf high priest (Elf:1)
  A tengu warrior (Depths:1)
  A deep troll (Vaults:5)
  4 ugly things (Depths:1)
  A polar bear (IceCv)
  A redback (Spider:1)
  A spatial vortex (Depths:1)
  A killer bee (Lair:5)
  An iguana (Lair:8)
  A white imp (Depths:1)
  2 orcs
  3 briar patches (Swamp:3)
  42 bushes (Depths:1)
  5 fungi
  5 plants (Lair:8)
  A tentacle (Abyss:1)
  515 tentacle segments (Abyss:1)
587 creatures vanquished.

Grand Total: 2899 creatures vanquished

Notes
Turn   | Place    | Note
--------------------------------------------------------------
     0 | D:1      | edsrzf the Centaur Skald began the quest for the Orb.
     0 | D:1      | Reached XP level 1. HP: 17/17 MP: 3/3
   348 | D:1      | Reached skill level 1 in Armour
   348 | D:1      | Reached XP level 2. HP: 21/24 MP: 4/4
   349 | D:1      | Reached skill level 1 in Dodging
   395 | D:1      | Reached skill level 2 in Long Blades
   398 | D:1      | Identified 2 potions of curing
   862 | D:1      | Reached XP level 3. HP: 29/29 MP: 5/5
  1511 | D:2      | Found a faded altar to an unknown god.
  1530 | D:2      | Became a worshipper of the Shining One
  1530 | D:2      | Reached * piety under the Shining One
  1642 | D:2      | Reached XP level 4. HP: 28/37 MP: 6/6
  1669 | D:2      | Found a stormy altar of Qazlal.
  1783 | D:2      | Noticed an air elemental
  1784 | D:2      | Noticed an earth elemental
  1784 | D:2      | Noticed a water elemental
  1784 | D:2      | Noticed a fire elemental
  2363 | D:3      | Identified 2 scrolls of fog
  2364 | D:3      | Identified 2 scrolls of enchant armour
  2421 | D:3      | Found a sparkling altar of Nemelex Xobeh.
  2490 | D:3      | Found an ancient bone altar of Kikubaaqudgha.
  2901 | D:3      | Found a blossoming altar of Fedhas.
  2913 | D:3      | Noticed an oklob plant
  3057 | D:4      | Reached skill level 3 in Long Blades
  3057 | D:4      | Reached XP level 5. HP: 23/42 MP: 7/7
  3208 | D:4      | Got a steaming chain mail
  3219 | D:4      | Identified the +6 chain mail of Dyspraxia {-Tele Int+4 Dex+5} (You found it on level 4 of the Dungeon)
  3311 | D:4      | Reached skill level 2 in Armour
  3432 | D:4      | Found a staircase to the Ecumenical Temple.
  3528 | D:4      | Reached skill level 3 in Fighting
  3538 | D:4      | Noticed a phantom
  3597 | D:4      | Killed a phantom
  3597 | D:4      | Reached skill level 2 in Dodging
  3597 | D:4      | Reached XP level 6. HP: 32/51 MP: 8/8
  3981 | D:5      | Entered Level 5 of the Dungeon
  4011 | D:5      | Reached ** piety under the Shining One
  4066 | D:5      | Noticed a water moccasin
  4083 | D:5      | Killed a water moccasin
  4083 | D:5      | Reached skill level 4 in Long Blades
  4358 | D:5      | Reached XP level 7. HP: 43/57 MP: 9/9
  4797 | D:5      | Identified 4 scrolls of identify
  4797 | D:5      | Identified 3 scrolls of enchant weapon
  4798 | D:5      | Identified 2 scrolls of noise
  4799 | D:5      | Identified 2 scrolls of remove curse
  5059 | D:6      | Reached skill level 3 in Armour
  5065 | D:6      | Reached skill level 5 in Long Blades
  5352 | D:6      | Reached skill level 4 in Fighting
  5622 | D:6      | Reached skill level 3 in Dodging
  5699 | D:6      | Reached XP level 8. HP: 66/66 MP: 10/10
  5898 | D:6      | Found a white marble altar of Elyvilon.
  6035 | D:7      | Found Lepeg's Book Shoppe.
  6051 | D:7      | Reached *** piety under the Shining One
  6082 | D:7      | Found an iron altar of Okawaru.
  6093 | D:7      | Reached skill level 6 in Long Blades
  6099 | D:7      | Reached skill level 5 in Fighting
  6183 | D:7      | Found Nuf Gosh's Antique Armour Shop.
  6191 | D:7      | Bought a smoking ring mail for 198 gold pieces
  6201 | D:7      | Identified the +0 ring mail of Resilience {-Cast rC+ Regen+ Stlth+} (You bought it in a shop on level 7 of the Dungeon)
  6469 | D:7      | Reached skill level 4 in Armour
  6493 | D:7      | Reached XP level 9. HP: 52/74 MP: 11/11
  6851 | D:8      | Reached skill level 7 in Long Blades
  6942 | D:8      | Found a glowing golden altar of the Shining One.
  6943 | D:8      | Identified 3 potions of ambrosia
  6944 | D:8      | Identified 3 potions of agility
  6945 | D:8      | Identified 2 potions of mutation
  6946 | D:8      | Identified 3 scrolls of random uselessness
  7013 | D:8      | Noticed an elephant
  7043 | D:8      | Found a staircase to the Lair.
  7054 | D:8      | Reached skill level 4 in Dodging
  7339 | D:8      | Reached skill level 6 in Fighting
  7521 | D:8      | Reached skill level 1 in Bows
  7528 | D:8      | Identified 2 scrolls of teleportation
  7529 | D:8      | Identified 6 scrolls of magic mapping
  7832 | D:9      | Found Ykiwk's Magic Scroll Shoppe.
  7840 | D:9      | Bought a scroll of identify for 28 gold pieces
  7840 | D:9      | Bought a scroll of identify for 28 gold pieces
  7840 | D:9      | Identified 2 scrolls of recharging
  7841 | D:9      | Identified a potion of lignification
  7874 | D:9      | Noticed Maurice
  7974 | D:9      | Reached skill level 2 in Bows
  7987 | D:9      | Reached skill level 3 in Bows
  8016 | D:9      | Killed Maurice
  8016 | D:9      | Reached skill level 8 in Long Blades
  8016 | D:9      | Reached skill level 4 in Bows
  8387 | D:9      | Reached XP level 10. HP: 50/84 MP: 12/12
  8582 | D:9      | Reached skill level 5 in Bows
  8601 | D:9      | Reached skill level 5 in Armour
  8879 | D:9      | Identified a potion of haste
  8922 | D:9      | Noticed Grum
  9145 | D:9      | Killed Grum
  9145 | D:9      | Reached skill level 6 in Bows
  9148 | D:9      | Identified a scroll of blinking
  9458 | D:9      | Reached skill level 7 in Fighting
  9477 | D:9      | Found a shimmering altar of Xom.
  9489 | D:9      | Reached **** piety under the Shining One
  9512 | D:9      | Identified a scroll of immolation
  9613 | D:9      | Identified a scroll of holy word
  9625 | D:9      | Identified a scroll of amnesia
  9792 | D:9      | Found Vyugriw's Weapon Shoppe.
  9800 | D:9      | Bought a +0 scimitar for 48 gold pieces
  9910 | D:9      | Reached skill level 7 in Bows
 10381 | D:9      | Reached skill level 9 in Long Blades
 10405 | D:10     | Entered Level 10 of the Dungeon
 10447 | D:10     | Noticed a hill giant
 10725 | D:10     | Identified a potion of might
 10911 | D:10     | Noticed a hill giant
 11297 | D:10     | Killed a hill giant
 11297 | D:10     | Reached skill level 8 in Bows
 11402 | D:10     | Found a shadowy altar of Dithmenos.
 11587 | D:10     | Killed a hill giant
 11587 | D:10     | Reached XP level 11. HP: 65/92 MP: 13/13
 12006 | D:10     | Identified a potion of invisibility
 12128 | D:11     | Noticed a hill giant
 12167 | D:11     | Killed a hill giant
 12240 | D:11     | Noticed a hill giant
 12253 | D:11     | Killed a hill giant
 12253 | D:11     | Reached skill level 9 in Bows
 12526 | D:11     | Identified a potion of cancellation
 12909 | D:11     | Reached skill level 10 in Long Blades
 13068 | D:11     | Found a staircase to the Orcish Mines.
 13097 | Orc:1    | Entered Level 1 of the Orcish Mines
 13097 | Orc:1    | Found Pyur's Antique Weapon Emporium.
 13152 | Orc:1    | Reached ***** piety under the Shining One
 13455 | Orc:1    | Bought a steaming scimitar for 189 gold pieces
 13460 | Orc:1    | Identified the +9 scimitar of Araez {freeze, Int+5} (You bought it in a shop on level 1 of the Orcish Mines)
 14153 | Orc:2    | Reached skill level 8 in Fighting
 14158 | Orc:2    | Reached skill level 6 in Armour
 14936 | Orc:3    | Found a staircase to the Elven Halls.
 15003 | Orc:3    | Reached skill level 10 in Bows
 15537 | Orc:4    | Entered Level 4 of the Orcish Mines
 15547 | Orc:4    | Paralysed by an orc sorcerer for 2 turns
 15572 | Orc:4    | Noticed an orc high priest
 15692 | Orc:4    | Killed an orc high priest
 15693 | Orc:4    | Noticed an orc warlord
 15719 | Orc:4    | Was placed under penance by the Shining One
 15727 | Orc:4    | Noticed an ice devil
 16098 | Orc:3    | Found a roughly hewn altar of Beogh.
 16660 | Orc:3    | Reached skill level 11 in Long Blades
 17326 | Orc:4    | Was forgiven by the Shining One
 17326 | Orc:4    | Reached XP level 12. HP: 80/103 MP: 14/14
 17560 | Orc:4    | Found a roughly hewn altar of Beogh.
 17804 | Orc:3    | Killed an orc warlord
 18247 | Orc:4    | Noticed Nergalle
 18542 | Orc:4    | Reached skill level 9 in Fighting
 18542 | Orc:4    | Reached skill level 11 in Bows
 18812 | Orc:4    | Killed Nergalle
 18838 | Orc:4    | Found Zurar's General Store.
 18847 | Orc:4    | Reached skill level 7 in Armour
 18851 | Orc:4    | Found Vedyuroxt's Book Shoppe.
 18916 | Orc:4    | Bought a scroll of acquirement for 780 gold pieces
 18931 | Orc:4    | Found Abbyczid's Antique Armour Shoppe.
 18973 | Orc:4    | Found Coruqefa's Jewellery Shoppe.
 19015 | Orc:4    | Bought a pair of gloves for 135 gold pieces
 19015 | Orc:4    | Bought a bronze scale mail for 270 gold pieces
 19030 | Orc:4    | Identified the +3 scale mail of Hopscotch {Str-2 Int+5 Slay+2} (You bought it in a shop on level 4 of the Orcish Mines)
 19295 | Orc:4    | Found Ejasik's Antique Weapon Shoppe.
 19817 | D:12     | Reached skill level 12 in Long Blades
 20098 | D:12     | Identified a potion of flight
 20373 | D:12     | Identified a potion of heal wounds
 20677 | D:13     | Noticed a great orb of eyes
 20688 | D:13     | Killed a great orb of eyes
 20775 | D:13     | Found a frozen archway.
 20793 | D:13     | Reached skill level 12 in Bows
 20799 | D:13     | Identified 2 potions of poison
 20866 | IceCv    | Entered an ice cave
 20966 | IceCv    | Reached XP level 13. HP: 78/113 MP: 15/15
 21332 | IceCv    | Reached skill level 10 in Fighting
 21830 | IceCv    | Reached ****** piety under the Shining One
 22043 | IceCv    | Noticed a frost giant
 22074 | IceCv    | Killed a frost giant
 22484 | IceCv    | Reached skill level 13 in Long Blades
 23043 | D:13     | Identified a potion of resistance
 23112 | D:13     | Reached skill level 1 in Evocations
 23264 | D:13     | Reached skill level 2 in Evocations
 23282 | D:13     | Identified Lehudib's Almanac of Conjuration (You found it on level 13 of the Dungeon)
 23321 | D:13     | Reached skill level 3 in Evocations
 23352 | D:13     | Found a gate to the Vaults.
 23352 | D:13     | Noticed a vault guard
 23352 | D:13     | Noticed a vault guard
 23352 | D:13     | Noticed a vault guard
 23364 | D:13     | Killed a vault guard
 23364 | D:13     | Reached skill level 4 in Evocations
 23370 | D:13     | Killed a vault guard
 23387 | D:13     | Reached skill level 5 in Evocations
 23390 | D:13     | Killed a vault guard
 23840 | D:13     | Reached skill level 6 in Evocations
 24071 | D:13     | Noticed Snorg
 24076 | D:13     | Killed Snorg
 24369 | D:13     | Reached skill level 7 in Evocations
 24416 | D:13     | Reached skill level 1 in Invocations
 24667 | D:14     | Reached skill level 2 in Invocations
 24709 | D:14     | Found a labyrinth entrance.
 24711 | D:14     | Noticed Josephine
 24748 | D:14     | Killed Josephine
 24748 | D:14     | Reached skill level 3 in Invocations
 24748 | D:14     | Reached XP level 14. HP: 121/121 MP: 19/19
 24760 | Lab      | Entered a labyrinth
 24885 | Lab      | Reached skill level 4 in Invocations
 24917 | D:14     | Learned a level 2 spell: Song of Slaying
 24920 | D:14     | Learned a level 2 spell: Repel Missiles
 24923 | D:14     | Learned a level 2 spell: Swiftness
 24926 | D:14     | Learned a level 2 spell: Blink
 24929 | D:14     | Learned a level 2 spell: Shroud of Golubria
 25074 | D:14     | Identified a potion of berserk rage
 25096 | D:14     | Found a shadowy altar of Dithmenos.
 25174 | D:14     | Reached skill level 5 in Invocations
 25254 | D:14     | Noticed Urug
 25274 | D:14     | Killed Urug
 25544 | D:14     | Noticed Roxanne
 25615 | D:14     | Reached skill level 6 in Invocations
 25744 | D:14     | Reached skill level 7 in Invocations
 26210 | D:14     | Reached skill level 8 in Invocations
 26357 | D:14     | Noticed Azrael
 26373 | D:14     | Killed Azrael
 26621 | D:14     | Reached skill level 9 in Invocations
 27595 | D:15     | Entered Level 15 of the Dungeon
 27662 | D:15     | Reached skill level 10 in Invocations
 27726 | D:15     | Identified a potion of beneficial mutation
 27727 | D:15     | Gained mutation: You possess an exceptional clarity of mind. [potion of beneficial mutation]
 28421 | D:15     | Found a staircase to the Depths.
 28431 | D:15     | Reached skill level 11 in Invocations
 28992 | D:8      | Killed an elephant
 29012 | Lair:1   | Entered Level 1 of the Lair of Beasts
 29108 | Lair:1   | Identified 2 potions of degeneration
 29829 | Lair:2   | Noticed Harold
 29862 | Lair:2   | Killed Harold
 30109 | Lair:2   | Reached skill level 12 in Invocations
 30318 | Lair:2   | Reached skill level 8 in Armour
 30619 | Lair:3   | Found a hole to the Spider Nest.
 30963 | Lair:3   | Reached XP level 15. HP: 94/128 MP: 24/24
 31185 | Lair:3   | Identified a scroll of fear
 31346 | Lair:4   | Reached skill level 13 in Bows
 32530 | Lair:5   | Noticed tijit's ghost (journeyman MfGl)
 32564 | Lair:5   | Killed tijit's ghost
 32650 | Lair:5   | Identified a scroll of vulnerability
 32811 | Lair:5   | Found a staircase to the Swamp.
 33468 | Lair:6   | Reached skill level 11 in Fighting
 34776 | Lair:8   | Entered Level 8 of the Lair of Beasts
 34826 | Lair:8   | Reached skill level 14 in Bows
 35076 | Lair:8   | Reached skill level 9 in Armour
 35985 | Lair:8   | Found a staircase to the Slime Pits.
 36162 | Lair:8   | Reached skill level 14 in Long Blades
 36456 | Lair:8   | Reached XP level 16. HP: 132/139 MP: 25/25
 36543 | Lair:8   | Drew Focus: Str increased to 19, Int decreased to 10
 36546 | Lair:8   | Drew Focus: Str increased to 20, Int decreased to 9
 36548 | Lair:8   | Drew Focus: Str increased to 21, Int decreased to 8
 36549 | Lair:8   | Drew Focus: Str increased to 22, Int decreased to 7
 36550 | Lair:8   | Gained mutation: Your magical capacity is low (-10% MP). [helix card]
 36551 | Lair:8   | Drew Focus: Str increased to 23, Int decreased to 6
 36663 | Swamp:1  | Entered Level 1 of the Swamp
 37774 | Swamp:1  | Reached skill level 12 in Fighting
 37831 | Swamp:1  | Reached skill level 15 in Bows
 38263 | Swamp:1  | Identified a scroll of torment
 39514 | Swamp:3  | Noticed a tentacled monstrosity
 39551 | Swamp:3  | Killed a tentacled monstrosity
 39559 | Swamp:3  | Paralysed by a hornet for 2 turns
 40155 | Swamp:3  | Reached skill level 10 in Armour
 40777 | Swamp:4  | Entered Level 4 of the Swamp
 40787 | Swamp:4  | Identified a potion of brilliance
 41110 | Swamp:4  | Reached skill level 16 in Bows
 42698 | Swamp:4  | Got a decaying rune of Zot
 43125 | D:9      | Bought a scroll of acquirement for 728 gold pieces
 43331 | Spider:1 | Entered Level 1 of the Spider Nest
 43387 | Spider:1 | Reached skill level 13 in Fighting
 43469 | Spider:1 | Got a dazzling plate armour
 43473 | Spider:1 | Reached XP level 17. HP: 139/149 MP: 23/23
 43485 | Spider:1 | Identified the cursed +0 plate armour of the Rabble {MP+9 SInv} (You found it on level 1 of the Spider Nest)
 43830 | Spider:1 | Reached skill level 15 in Long Blades
 44157 | Spider:2 | Noticed Arachne
 44183 | Spider:2 | Killed Arachne
 44732 | Elf:1    | Entered Level 1 of the Elven Halls
 45349 | Elf:1    | Got a shimmering wooden ring
 45355 | Elf:1    | Identified the ring "Wiptu" {MP+9 Int-4 Slay+5 Stlth+} (You found it on level 1 of the Elven Halls)
 45925 | Elf:1    | Found Gizos's Distillery.
 45931 | Elf:1    | Noticed Donald
 45935 | Elf:1    | Killed Donald
 46042 | Elf:1    | Reached skill level 17 in Bows
 46246 | Elf:2    | Found Qurug's Antique Weapon Emporium.
 46276 | Elf:2    | Found Iloaveatt's Antique Armour Emporium.
 46282 | Elf:2    | Bought a fine plate armour for 868 gold pieces
 46292 | Elf:2    | Identified the cursed +1 plate armour of Summertime {rC+} (You bought it in a shop on level 2 of the Elven Halls)
 46529 | Elf:2    | Found Hicifuts's Antique Armour Shoppe.
 46616 | Elf:2    | Found a runed gate.
 46616 | Elf:2    | Found a runed gate.
 46616 | Elf:2    | Found a runed gate.
 47305 | Elf:2    | Reached skill level 11 in Armour
 47977 | Elf:3    | Entered Level 3 of the Elven Halls
 47982 | Elf:3    | Noticed Asterion
 48000 | Elf:3    | Killed Asterion
 48186 | Elf:3    | Identified a +6 eudemon blade of holy wrath (a +4 demon blade of venom blessed by the Shining One)
 48186 | Elf:3    | Received a gift from the Shining One
 48258 | Elf:3    | Reached skill level 14 in Fighting
 48365 | Elf:3    | Reached XP level 18. HP: 160/160 MP: 24/24
 49459 | Elf:3    | Was placed under penance by the Shining One
 49520 | Elf:3    | Got an amethyst-encrusted fire dragon armour
 49539 | Elf:3    | Identified the +7 fire dragon armour of Tenacity {rF++ rC- rN+} (You took it off a deep elf master archer on level 3 of the Elven Halls)
 49579 | Elf:3    | Was forgiven by the Shining One
 49579 | Elf:3    | Reached skill level 18 in Bows
 50033 | Elf:3    | Reached skill level 16 in Long Blades
 50412 | Elf:3    | Got a steaming great sword {drain}
 50413 | Elf:3    | Identified the cursed +1 great sword "Tarurar" {drain, rF+ rN+} (You took it off a deep elf sorcerer on level 3 of the Elven Halls)
 50435 | Elf:3    | Got a polished scale mail
 50462 | Elf:3    | Identified the +0 scale mail "Mumoeha" {rPois Regen+ Str-5 Slay+4} (You took it off a deep elf master archer on level 3 of the Elven Halls)
 50927 | Elf:3    | Identified the Grimoire of Attacks (You found it on level 3 of the Elven Halls)
 50931 | Elf:3    | Identified the Reference Book on Frigorific Boosts
 50958 | Elf:3    | Identified the Guide on Summoning and Augmentations
 51823 | Spider:2 | Gained mutation: Your flesh is heat resistant. [potion of beneficial mutation]
 52345 | Spider:2 | Reached skill level 5 in Dodging
 53468 | Spider:3 | Identified a scroll of silence
 53822 | Spider:3 | Reached skill level 15 in Fighting
 54066 | Spider:4 | Entered Level 4 of the Spider Nest
 54504 | Spider:4 | Reached XP level 19. HP: 142/170 MP: 25/25
 54642 | Spider:4 | Reached skill level 19 in Bows
 54928 | Spider:4 | Reached skill level 6 in Dodging
 55632 | Spider:4 | Got a gossamer rune of Zot
 56716 | Vaults:1 | Entered Level 1 of the Vaults
 56716 | Vaults:1 | Noticed Nikola
 56722 | Vaults:1 | Noticed Norris
 57221 | Vaults:1 | Killed Norris
 57339 | Vaults:1 | Noticed Ultraviolent4's ghost (adept HEEE)
 57370 | Vaults:1 | Killed Ultraviolent4's ghost
 57413 | Vaults:1 | Reached skill level 17 in Long Blades
 57661 | Vaults:1 | Reached skill level 7 in Dodging
 57864 | Vaults:1 | Noticed Wiglaf
 57877 | Vaults:1 | Killed Wiglaf
 58249 | Vaults:1 | Killed Nikola
 59066 | Vaults:2 | Reached skill level 20 in Bows
 59143 | Vaults:2 | Reached skill level 16 in Fighting
 59224 | Vaults:2 | Reached XP level 20. HP: 133/180 MP: 26/26
 60335 | Vaults:2 | Reached skill level 8 in Dodging
 60629 | Vaults:2 | Got a fine ring mail
 60630 | Vaults:2 | Identified the +1 ring mail "Kacheuse" {MR++} (You found it on level 2 of the Vaults)
 60802 | Vaults:2 | Reached skill level 12 in Armour
 61213 | Vaults:3 | Found Bycvaul's Assorted Antiques.
 61258 | Vaults:3 | Noticed Frederick
 61290 | Vaults:3 | Killed Frederick
 61324 | Vaults:3 | Bought a scroll of enchant armour for 180 gold pieces
 61324 | Vaults:3 | Bought a scroll of blinking for 180 gold pieces
 61576 | Vaults:3 | Found Fyotot's Antique Armour Shoppe.
 61583 | Vaults:3 | Bought a runed helmet for 121 gold pieces
 61612 | Vaults:3 | Found Taco's Magic Scroll Emporium.
 61621 | Vaults:3 | Bought a scroll of enchant armour for 127 gold pieces
 62131 | Vaults:3 | Found Jisak's Distillery.
 62236 | Vaults:3 | Found a staircase to the Crypt.
 62868 | Vaults:3 | Found Gumass's Book Boutique.
 63214 | Vaults:4 | Reached skill level 9 in Dodging
 63317 | Vaults:4 | Reached skill level 18 in Long Blades
 63317 | Vaults:4 | Reached XP level 21. HP: 190/190 MP: 27/27
 63369 | Vaults:4 | Reached skill level 17 in Fighting
 64296 | Vaults:4 | Found Ohae's Antique Weapon Boutique.
 64302 | Vaults:4 | Noticed Xtahua
 64309 | Vaults:4 | Killed Xtahua
 64391 | Vaults:5 | Entered Level 5 of the Vaults
 64568 | Vaults:5 | Noticed Sojobo
 64658 | Vaults:5 | The Shining One protects you from harm!
 64665 | Vaults:5 | Cast into the Abyss (a deep elf sorcerer)
 64873 | Vaults:5 | Escaped the Abyss
 64962 | Vaults:5 | HP: 7/192 [storm dragon/bolt of lightning (36)]
 65420 | Vaults:2 | Reached skill level 13 in Armour
 65931 | Depths:1 | Entered Level 1 of the Depths
 65931 | Depths:1 | Noticed Saint Roka
 65938 | Depths:2 | Found Qovapp's Magic Scroll Emporium.
 65946 | Depths:2 | Bought a scroll of blinking for 150 gold pieces
 66199 | Depths:2 | Found Hell's Armour Shoppe.
 66358 | Depths:2 | Found a gateway to Hell.
 66504 | Depths:2 | Reached skill level 10 in Dodging
 67348 | Depths:2 | Found Miec's Food Shop.
 67922 | Depths:1 | Reached XP level 22. HP: 160/201 MP: 27/27
 68262 | Depths:1 | Found a corrupted altar of Lugonu.
 68262 | Depths:1 | Found a one-way gate to the infinite horrors of the Abyss.
 68855 | Depths:1 | Reached skill level 18 in Fighting
 68876 | Depths:1 | Killed Saint Roka
 69004 | Depths:1 | Found a one-way gate leading to the halls of Pandemonium.
 69998 | Depths:3 | Reached skill level 11 in Dodging
 70106 | Depths:3 | Reached skill level 19 in Long Blades
 71307 | Depths:4 | Reached skill level 14 in Armour
 71580 | Depths:4 | Identified Ohydoy's Volume of Creative Curses (You found it on level 4 of the Depths)
 71904 | Depths:4 | Lost intelligence.
 72037 | Depths:4 | Reached XP level 23. HP: 209/211 MP: 28/28
 72300 | Depths:5 | Entered Level 5 of the Depths
 72655 | Depths:5 | Found a gate to the Realm of Zot.
 73142 | Depths:5 | Reached skill level 19 in Fighting
 73145 | Depths:5 | Reached skill level 12 in Dodging
 73624 | Depths:5 | Found a gateway to a ziggurat.
 74204 | Depths:2 | Bought a scroll of acquirement for 1040 gold pieces
 75323 | Vaults:5 | Reached skill level 20 in Long Blades
 75331 | Vaults:5 | HP: 7/213 [vault guard/long sword (14)]
 75332 | Vaults:5 | Killed from afar by a titan

Action                   |  1- 3 |  4- 6 |  7- 9 | 10-12 | 13-15 | 16-18 | 19-21 | 22-24 || total
-------------------------+-------+-------+-------+-------+-------+-------+-------+-------++-------
Melee: Falchion          |   171 |   196 |    76 |       |       |       |       |       ||   443
       Long sword        |       |       |   258 |    91 |       |       |       |       ||   349
       Scimitar          |       |       |       |   656 |  1431 |  1270 |  1087 |   534 ||  4978
       Triple sword      |       |       |       |       |       |       |       |    84 ||    84
 Fire: Shortbow          |       |       |    10 |   390 |    10 |       |       |       ||   410
       Longbow           |       |       |       |       |   146 |   429 |   847 |   454 ||  1876
Throw: Stone             |       |     5 |     4 |       |       |       |       |       ||     9
 Cast: Infusion          |     1 |       |       |       |       |       |       |       ||     1
Invok: Brand Weapon With |       |       |       |       |       |     1 |       |       ||     1
 Abil: Evoke Flight      |       |       |       |       |       |     1 |       |     1 ||     2
       Evoke Berserk Rag |       |       |       |       |       |     1 |     2 |       ||     3
       Stop Flying       |       |       |       |       |       |       |     1 |     1 ||     2
Evoke: Wand              |       |     1 |     4 |     8 |     1 |       |       |     1 ||    15
       Deck              |       |       |       |       |       |    11 |       |       ||    11
  Use: Potion            |     1 |       |       |     1 |     8 |     6 |    16 |     1 ||    33
       Scroll            |       |     2 |    12 |    15 |    14 |    18 |    20 |    13 ||    94
 Stab: Petrified         |       |       |       |       |     2 |       |       |       ||     2
  Eat: Chunk             |     2 |     6 |    10 |    25 |    31 |    24 |    26 |    18 ||   142
       Royal jelly       |       |       |     1 |       |       |       |       |     1 ||     2
       Fruit             |       |       |       |     2 |       |       |       |       ||     2
       Meat ration       |       |       |       |     2 |     3 |     5 |     3 |     2 ||    15
       Beef jerky        |       |       |       |     1 |     1 |       |       |       ||     2
       Pizza             |       |       |       |       |     4 |       |     1 |       ||     5
       Bread ration      |       |       |       |       |       |     2 |     2 |       ||     4
